 Dungeon Crawl Stone Soup version 0.15.2 (webtiles) character file.

3027 HiobMontag the Ruffian (level 9, -1/74 (79) HPs)
             Began as a Mottled Draconian Transmuter on Dec 23, 2014.
             Was a Believer of Qazlal.
             Slain by an unseen horror (4 damage)
             ... on Level 1 of the Abyss on Dec 27, 2014.
             The game lasted 00:54:48 (8742 turns).

HiobMontag the Ruffian (DrTm)                       Turns: 8742, Time: 00:54:48

HP  -1/74 (79)   AC  5     Str 13      XL: 9   Next: 55%
MP  22/22        EV 13     Int 14      God: Qazlal [**....]
Gold 264         SH  3     Dex 16      Spells:  5 memorised,  4 levels left

rFire  x . .     SeeInvis .       - Unarmed
rCold  + + +     Clarity  .     (armour unavailable)
rNeg   + . .     rCorr    .     (shield currently unavailable)
rPois  +         rRot     .     (helmet currently unavailable)
rElec  .         Spirit   .     i - melded +0 cloak
SustAb .         Warding  +     v - melded +0 pair of gloves
rMut   .         Stasis   .     m - melded +0 pair of boots
Gourm  .                        c - amulet of warding
MR     .....                    (no ring)
                                g - +4 ring of dexterity

@: ice-form, not resistant to hostile enchantments, unstealthy
A: (breathe sticky flames), unfitting armour, blurry vision 1, frail 1, weak 1,
no device heal 1, (cold-blooded), AC +7
a: End Transformation, Upheaval, Renounce Religion


You were on level 1 of the Abyss.
You worshipped Qazlal.
Qazlal was pleased with you.
You were hungry.
You were a creature of crystalline ice.
You visited 2 branches of the dungeon, and saw 9 of its levels.
You visited the Abyss 1 time.
You also visited: Sewer.

You collected 372 gold pieces.
You spent 108 gold pieces at shops.

Inventory:

Missiles
 b - 55 arrows
 e - 11 poisoned arrows
Armour
 i - a +0 cloak (melded)
 m - a +0 pair of boots (melded)
 v - a +0 pair of gloves (melded)
Magical devices
 A - a wand of slowing (10) {unknown}
 E - a wand of teleportation (4) {unknown}
 F - a wand of frost (11)
Comestibles
 a - 7 bread rations
 h - 5 meat rations
 o - a slice of pizza
 x - 8 fruits
 N - a royal jelly
Scrolls
 f - a scroll of enchant armour {unknown}
 n - 4 scrolls of teleportation
 p - 2 scrolls of blinking
 q - 2 scrolls of recharging
 s - 2 scrolls of identify
 t - 3 scrolls of magic mapping
 u - 3 scrolls of remove curse
 y - a scroll of amnesia {unknown}
 K - a scroll of fog {unknown}
 M - a scroll of fear
Jewellery
 c - an amulet of warding (around neck)
 g - a +4 ring of dexterity (left paw)
Potions
 j - 2 potions of magic
 l - 5 potions of curing
 r - a potion of might
 w - 2 potions of mutation {unknown}
 z - a potion of invisibility {unknown}
 B - a potion of flight {unknown}
 C - a potion of restore abilities {unknown}
 D - a potion of agility
 G - 2 potions of resistance {unknown}
 J - a potion of poison {unknown}
 L - a potion of haste {unknown}
Books
 d - a book of Changes

   Spells                             Type                      Level
   *Beastly Appendage                 Transmutation                1
   *Sticks to Snakes                  Transmutation                2
   *Spider Form                       Transmutation/Poison         3
   *Ice Form                          Ice/Transmutation            4
   *Blade Hands                       Transmutation                5
 H - a book of the Warp

   Spells                             Type                      Level
   Control Teleport                   Charms/Translocation         4
   Phase Shift                        Translocation                5
   Warp Weapon                        Charms/Translocation         5
   Dispersal                          Translocation                6
   Controlled Blink                   Translocation                7
   Disjunction                        Translocation                8
Magical staves
 I - an uncursed staff of fire


   Skills:
 + Level 5.1 Fighting
 + Level 5.7 Dodging
 + Level 2.3 Stealth
 + Level 6.1 Unarmed Combat
 + Level 5.7 Spellcasting
 + Level 5.8 Transmutations
 + Level 1.8 Ice Magic
 + Level 3.6 Poison Magic


You had 4 spell levels left.
You knew the following spells:

 Your Spells              Type           Power        Failure   Level  Hunger
a - Beastly Appendage     Trmt           ###...       1%          1    None
b - Sticks to Snakes      Trmt           ###.......   2%          2    #......
c - Spider Form           Trmt/Pois      ###.......   10%         3    ###....
d - Ice Form              Ice/Trmt       ##......     38%         4    ####...
e - Blade Hands           Trmt           ###.......   45%         5    #####..


Dungeon Overview and Level Annotations

Branches:
Dungeon (8/15)             Temple (1/1) D:7
   Lair: D:8-11

Altars:
Ashenzari
Cheibriados
Dithmenos
Elyvilon
Fedhas
Kikubaaqudgha
Makhleb
Nemelex Xobeh
Okawaru
Qazlal
Sif Muna
Trog
Vehumet
Xom
Yredelemnul
Zin
The Shining One

Shops:
D:5 [

Annotations:
D:8 Psyche


Innate Abilities, Weirdness & Mutations

((You can spit globs of burning liquid.))
((You can ignite nearby creatures when you spit burning liquid.))
((Your weird mottled scales are hard (AC +7).))
Your body does not fit into most forms of armour.
((Your cold-blooded metabolism reacts poorly to cold.))
Your vision is a little blurry.
You are frail (-10% HP).
You are weak. (Str -2)
Potions and wands are less effective at restoring your health.


Message History

Something hits you. You block the flying skull's attack. You block its attack.
A flying skull comes into view.
You hit the flying skull but do no damage.
Something hits you. The flying skull hits you.
* * * LOW HITPOINT WARNING * * *
The flying skull hits you!
* * * LOW HITPOINT WARNING * * *
A flying skull comes into view.
You punch the flying skull! You freeze the flying skull.
The flying skull is almost destroyed.
The flying skull misses you.
You closely miss the flying skull.
The flying skull is almost destroyed.
Something hits you.
* * * LOW HITPOINT WARNING * * *
The flying skull closely misses you. The flying skull misses you.
The flying skull hits you.
* * * LOW HITPOINT WARNING * * *
Something hits you.
You die...

. . #.# .. # ..
. .## ..#.# .. #
#.# ...#
..#..#.###..# .#
# . .##.#..
.....
........##.#..##
# #... ##.>#..
.# .. ..#
#..#.z####
##.###.#..zzY# #
## .#......z.##
.. ..
.....#..#.#
...## #..#
#.#### . ##.
####.# .. ...##.
. ##.### ## .. #
# ... .#


You could see 4 flying skulls.

Vanquished Creatures
  Pikel (D:8)
  Eustachio (D:7)
  The ghost of timbw the Cudgeler, an average HuAr (D:5)
  A small abomination (Abyss:1)
  2 orc warriors (D:7)
  A water moccasin (D:5)
  A sky beast (D:5)
  4 slaves
  A necrophage (D:7)
  A black bear (D:6)
  An ice beast (D:4)
  An ogre (D:5)
  A centaur (D:7)
  Sigmund (D:6)
  A giant frog (D:6)
  3 big kobolds
  2 scorpions
  A crimson imp (D:7)
  A goliath beetle (D:8)
  A jelly (D:7)
  3 orc priests
  2 giant frog zombies (D:5)
  A gnoll shaman (D:8)
  4 hounds
  2 orc wizards
  A quasit (D:6)
  2 worker ants (D:6)
  An iguana (D:5)
  A black bear skeleton (D:4)
  A sky beast zombie (D:8)
  Ijyb (D:4)
  11 adders
  3 gnolls (D:8)
  2 green rats
  A shadow imp (D:8)
  2 worms (D:2)
  An ufetubus (Abyss:1)
  An iguana skeleton (D:7)
  An orc skeleton (D:5)
  5 giant geckos
  An ooze (D:4)
  23 orcs
  A ball python (D:6)
  16 bats
  12 giant cockroaches
  9 goblins
  10 hobgoblins
  13 jackals
  5 quokkas
  A giant gecko skeleton (D:7)
  4 giant newts
  A gnoll skeleton (D:4)
  2 goblin skeletons (D:4)
  A hobgoblin zombie (D:8)
  16 kobolds
  A kobold zombie (D:5)
  19 rats
  A rat zombie (D:6)
209 creatures vanquished.

Notes
Turn   | Place    | Note
--------------------------------------------------------------
     0 | D:1      | HiobMontag, the Draconian Transmuter, began the quest for the Orb.
     0 | D:1      | Reached XP level 1. HP: 16/16 MP: 3/3
   300 | D:1      | Reached XP level 2. HP: 23/23 MP: 1/4
   304 | D:1      | Learned a level 2 spell: Sticks to Snakes
   685 | D:1      | Reached XP level 3. HP: 28/28 MP: 4/6
   998 | D:2      | Learned a level 3 spell: Spider Form
  1512 | D:2      | Reached XP level 4. HP: 10/35 MP: 5/8
  1950 | D:2      | Found a burning altar of Makhleb.
  2418 | D:3      | Reached XP level 5. HP: 40/40 MP: 7/11
  2941 | D:4      | Noticed Ijyb
  2954 | D:4      | Killed Ijyb
  2968 | D:4      | Reached XP level 6. HP: 36/48 MP: 4/13
  3319 | D:4      | Reached skill level 4 in Unarmed Combat
  3384 | D:4      | Reached skill level 1 in Poison Magic
  3614 | D:5      | Entered Level 5 of the Dungeon
  3666 | D:5      | Found Goloah's Antique Armour Emporium.
  3669 | D:5      | Noticed a water moccasin
  3682 | D:5      | Your scales start taking on a weird mottled pattern.
  3682 | D:5      | Reached XP level 7. HP: 38/56 MP: 12/15
  3688 | D:5      | Killed a water moccasin
  3982 | D:5      | Bought a pair of gloves for 108 gold pieces
  4286 | D:5      | Noticed timbw's ghost (average HuAr)
  4314 | D:5      | Killed timbw's ghost
  4314 | D:5      | Reached skill level 1 in Stealth
  4461 | D:5      | Found a stormy altar of Qazlal.
  4479 | D:5      | Became a worshipper of Qazlal Stormbringer
  4606 | D:5      | Found a sparkling altar of Nemelex Xobeh.
  4722 | D:5      | Learned a level 4 spell: Ice Form
  4784 | D:6      | Found a glowing drain.
  4812 | Sewer    | Entered a sewer
  4923 | Sewer    | Reached skill level 5 in Unarmed Combat
  4923 | Sewer    | Reached XP level 8. HP: 63/63 MP: 14/18
  4946 | Sewer    | Found a white marble altar of Elyvilon.
  5017 | Sewer    | Gained mutation: You are frail (-10% HP). [mutagenic glow]
  5049 | Sewer    | Gained mutation: Your vision is a little blurry. [mutagenic glow]
  5104 | Sewer    | Gained mutation: Potions and wands are less effective at restoring your health. [mutagenic glow]
  5150 | D:6      | Gained mutation: You are weak. (Str -2) [mutagenic glow]
  5316 | D:6      | Acquired Qazlal's first power
  5460 | D:6      | Noticed Sigmund
  5471 | D:6      | Killed Sigmund
  5826 | D:7      | Learned a level 5 spell: Blade Hands
  5903 | D:7      | Found a staircase to the Ecumenical Temple.
  6143 | Temple   | Entered the Ecumenical Temple
  6295 | D:7      | Reached skill level 5 in Spellcasting
  6515 | D:7      | Reached skill level 5 in Transmutations
  6672 | D:7      | Acquired Qazlal's second power
  6905 | D:7      | Noticed Eustachio
  6916 | D:7      | Killed Eustachio
  6916 | D:7      | Reached skill level 1 in Ice Magic
  6916 | D:7      | Reached XP level 9. HP: 64/64 MP: 13/21
  7324 | D:8      | Noticed Pikel
  7849 | D:8      | Killed Pikel
  7849 | D:8      | Reached skill level 5 in Dodging
  8008 | D:8      | Reached skill level 5 in Fighting
  8244 | D:8      | Reached skill level 6 in Unarmed Combat
  8519 | D:8      | Found a burning altar of Makhleb.
  8613 | D:8      | Noticed Psyche
  8622 | D:8      | Cast into the Abyss (Psyche)
  8690 | Abyss:1  | Found a corrupted altar of Lugonu.
  8742 | Abyss:1  | HP: 3/74 [flying skull (5)]
  8742 | Abyss:1  | Slain by an unseen horror

Action                   |  1- 3 |  4- 6 |  7- 9 || total
-------------------------+-------+-------+-------++-------
Melee: Unarmed           |   144 |   166 |   408 ||   718
 Cast: Beastly Appendage |    27 |    24 |    18 ||    69
       Sticks to Snakes  |     1 |       |     5 ||     6
       Spider Form       |       |    12 |    24 ||    36
       Ice Form          |       |       |    15 ||    15
  Use: Scroll            |     5 |     3 |     3 ||    11
       Potion            |     2 |     1 |     4 ||     7
 Stab: Sleeping          |       |     1 |     2 ||     3
  Eat: Chunk             |     3 |     9 |    23 ||    35
       Beef jerky        |       |       |     1 ||     1
